 Dungeon Crawl Stone Soup version 0.24.0-123-gd5b16e6ec5 (webtiles) character file.

Game seed: 12319061540902834959, levelgen mode: deterministic

207 Notrik the Skirmisher (level 5, 0/51 HPs)
             Began as a Minotaur Berserker on Feb 6, 2020.
             Was a Believer of Trog.
             Slain by a big kobold (5 damage)
             ... in a sewer.
             The game lasted 00:04:43 (2547 turns).

Notrik the Skirmisher (Minotaur Berserker)          Turns: 2547, Time: 00:04:44

Health: 0/51       AC:  2    Str: 23    XL:     5   Next: 54%
Magic:  4/4        EV: 12    Int:  4    God:    Trog [**....]
Gold:   71         SH:  0    Dex:  9    Spells: 4/4 levels left

rFire    . . .     SeeInvis .   a - +0 hand axe
rCold    . . .     Gourm    .   (no shield)
rNeg     . . .     Faith    .   b - +0 animal skin
rPois    .         Spirit   .   (helmet restricted)
rElec    .         Reflect  .   (no cloak)
rCorr    .         Harm     .   (no gloves)
MR       .....                  (no boots)
Stlth    +.........             (no amulet)
HPRegen  0.17/turn              (no ring)
MPRegen  0.09/turn              (no ring)

@: no status effects
A: retaliatory headbutt, horns 2
a: Berserk, Trog's Hand, Renounce Religion


You were in a sewer.
You worshipped Trog.
Trog was pleased with you.
You were not hungry.

You visited 1 branch of the dungeon, and saw 3 of its levels.
You also visited: Sewer.

You collected 71 gold pieces.

Inventory:

Hand Weapons
 a - a +0 hand axe (weapon)
Missiles
 k - 16 poisoned darts (quivered)
Armour
 b - a +0 animal skin (worn)
Scrolls
 f - 2 scrolls of identify {@r1}
 g - 2 scrolls of enchant weapon {unknown}
 i - 2 scrolls of remove curse {unknown}
Potions
 d - 2 potions of curing {unknown}
 h - a potion of heal wounds {unknown}
Comestibles
 c - 2 chunks of flesh
 e - 2 rations {!d}


   Skills:
 * Level 6.6 Fighting
 - Level 3.6 Axes
 + Level 4.4 Armour
 - Level 2.1 Dodging


You had 4 spell levels left.
You didn't know any spells.
Your spell library was empty.

Dungeon Overview and Level Annotations

Branches:
Dungeon (3/15)              Sewer (1/1)

Altars:


Innate Abilities, Weirdness & Mutations

You reflexively headbutt those who attack you in melee.
You have a pair of horns on your head.


Message History

You hit the big kobold but do no damage.
The big kobold hits you with a +0 dagger!
* * * LOW HITPOINT WARNING * * *
You closely miss the big kobold. You headbutt the big kobold.
The big kobold hits you with a +0 dagger.
* * * LOW HITPOINT WARNING * * *
The big kobold hits you.
* * * LOW HITPOINT WARNING * * *
The big kobold hits you but does no damage.
The big kobold hits you.
* * * LOW HITPOINT WARNING * * *
You are too injured to fight recklessly!
You are too injured to fight recklessly!
You are too injured to fight recklessly!
You are too injured to fight recklessly!
You are too injured to fight recklessly!
You are too injured to fight recklessly!
You are too injured to fight recklessly!
You are too injured to fight recklessly!
You are too injured to fight recklessly!
You are too injured to fight recklessly!
You are too injured to fight recklessly!
You are too injured to fight recklessly!
You are too injured to fight recklessly!
You are too injured to fight recklessly!
You are too injured to fight recklessly!
You are too injured to fight recklessly!
You are too injured to fight recklessly!
You are too injured to fight recklessly!
You are too injured to fight recklessly!
You are too injured to fight recklessly!
You are too injured to fight recklessly!
You are too injured to fight recklessly!
You are too injured to fight recklessly!
You are too injured to fight recklessly!
You are too injured to fight recklessly!
You closely miss the kobold. Your headbutt misses the kobold.
You barely miss the big kobold.
You hit the big kobold but do no damage.
The kobold closely misses you. You furiously retaliate!
You headbutt the kobold!
You kill the kobold!
Trog accepts your kill. The big kobold barely misses you.
You furiously retaliate!
You headbutt the big kobold!
The big kobold hits you with a +0 dagger.
* * * LOW HITPOINT WARNING * * *
You closely miss the big kobold. Your headbutt misses the big kobold.
You hit the big kobold. The big kobold hits you.
You die...

#.......≈≈≈≈≈
#.......≈≈≈≈≈
#.......≈≈≈≈≈
##....≈≈≈≈≈≈≈
##...≈≈≈≈≈≈≈
#....≈≈≈≈≈≈
##....≈≈≈≈≈≈
#.....≈≈≈≈≈≈
#.@)..≈≈≈≈≈≈
##KK.≈≈≈≈≈≈≈
#...≈≈≈≈≈≈≈
###'####≈#≈
.... .....#
##...## .....
?.#.!#


You could see 2 big kobolds.

Vanquished Creatures
  A bullfrog (D:3)
  3 adders (D:2)
  5 river rats
  3 worms
  2 dart slugs (D:1)
  A leopard gecko (D:1)
  An orc (D:2)
  7 bats
  5 goblins
  8 hobgoblins
  4 jackals
  3 frilled lizards
  14 kobolds
  8 rats
65 creatures vanquished.

Notes
Turn   | Place    | Note
-------+----------+-------------------------------------------
     0 | D:1      | Notrik the Minotaur Berserker began the quest for the Orb.
     0 | D:1      | Reached XP level 1. HP: 19/19 MP: 0/0
    62 | D:1      | Reached skill level 4 in Fighting
   329 | D:1      | Reached XP level 2. HP: 26/27 MP: 1/1
   696 | D:1      | Reached XP level 3. HP: 33/34 MP: 2/2
  1348 | D:2      | Reached skill level 5 in Fighting
  1550 | D:2      | Reached ** piety under Trog
  1667 | D:2      | Reached XP level 4. HP: 40/42 MP: 3/3
  1910 | D:3      | Noticed a bullfrog
  1920 | D:3      | Killed a bullfrog
  1920 | D:3      | Reached skill level 6 in Fighting
  1920 | D:3      | Reached XP level 5. HP: 31/50 MP: 4/4
  2425 | D:3      | Found a glowing drain.
  2431 | Sewer    | Entered a sewer
  2547 | Sewer    | Slain by a big kobold

Levels and vault maps discovered:
D:1:      matt_arrival_los_fun, layout_basic
D:2:      layout_rooms
D:3:      layout_basic, ashenzari_altar_1, lightli_sewer_entry_pipes,
          minmay_starry_boxes
Sewer:    sewer_minmay_treatment

Skill      XL: |  1  2  3  4 |
---------------+-------------+-----
Fighting       | 4 5 6 |  6.6
Armour         | 3 4 |  4.4
Axes           | |  3.6
Dodging        | |  2.1

Action                   |  1- 3 |  4- 6 || total
-------------------------+-------+-------++-------
Melee: Hand axe          |    87 |    82 ||   169
       Headbutt          |     8 |     9 ||    17
  Use: Scroll            |       |     1 ||     1
  Eat: Ration            |     1 |     1 ||     2
Armor: Animal skin       |    18 |    12 ||    30
Dodge: Dodged            |    73 |    49 ||   122
